General information
- name: BNet
- type: Ladder team game (AT/RT)
- host: Battle.net
- saver: lllove
map: Cherryville
- players: 8
- length: 41:25
- speed: Fast
- version: 1.26 W3XP
- replay type: Public
» download(361 KB)
Players
team 1 (winner)
TimeWindow (
green | 145 APM | 5995 actions | 41:25)
8 Archmage
3 Summon Water Elemental
3 Brilliance Aura
1 Mass Teleport
1 Blizzard
7 Mountain King
3 Storm Bolt
3 Thunder Clap
1 Avatar
» actions
| Assign group hotkey | 71 | |
| Basic commands | 177 | |
| Build / train | 219 | |
| ESC pressed | 15 | |
| Enter build submenu | 40 | |
| Enter hero's abilities submenu | 15 | |
| Give item / drop item | 2 | |
| Remove unit from queue | 6 | |
| Right click | 2517 | |
| Select / deselect | 1015 | |
| Select group hotkey | 1503 | |
| Use ability | 415 | |
5995 total
» units
| Peasant | 18 | |
| Footman | 12 | |
| Goblin Zeppelin | 5 | |
| Dragonhawk Rider | 19 | |
| Goblin Shredder | 6 | |
| Gryphon Rider | 16 | |
| Knight | 7 | |
83 total
» upgrades
| Defend | 1 | |
| Animal War Training | 1 | |
| Cloud | 1 | |
| Storm Hammers | 1 | |
| Masonry | 2 | |
| Lumber Harvesting | 1 | |
| Swords | 3 | |
| Armor | 3 | |
13 total
» buildings
| Farm | 13 | |
| Altar of Kings | 1 | |
| Barracks | 2 | |
| Lumber Mill | 1 | |
| Scout Tower | 19 | |
| Arcane Tower | 4 | |
| Guard Tower | 31 | |
| Arcane Vault | 2 | |
| Town Hall | 3 | |
| Blacksmith | 1 | |
| Keep | 5 | |
| Castle | 6 | |
| Gryphon Aviary | 3 | |
91 total
» build order
00:06 Farm
00:09 Altar of Kings
00:35 Barracks
01:03 Farm
01:19 Lumber Mill
01:50 Scout Tower
02:01 Farm
02:06 Scout Tower
02:49 Arcane Tower
02:50 Arcane Tower
02:50 Guard Tower
02:51 Guard Tower
02:51 Guard Tower
02:52 Guard Tower
02:52 Guard Tower
03:13 Farm
03:21 Scout Tower
04:03 Arcane Vault
04:38 Scout Tower
04:38 Scout Tower
04:39 Scout Tower
05:04 Guard Tower
05:04 Guard Tower
05:05 Arcane Tower
05:07 Guard Tower
05:07 Guard Tower
05:07 Guard Tower
05:07 Guard Tower
05:09 Scout Tower
05:21 Farm
05:41 Town Hall
05:50 Guard Tower
05:52 Guard Tower
05:52 Guard Tower
05:52 Guard Tower
06:46 Barracks
06:50 Blacksmith
07:35 Keep
07:36 Keep
07:36 Keep
07:36 Keep
07:39 Scout Tower
08:01 Farm
10:19 Guard Tower
10:19 Guard Tower
10:20 Castle
10:21 Castle
10:21 Castle
10:21 Castle
10:32 Scout Tower
10:33 Farm
10:44 Gryphon Aviary
10:44 Gryphon Aviary
10:45 Gryphon Aviary
14:06 Farm
14:07 Farm
14:08 Farm
14:08 Farm
15:42 Guard Tower
17:25 Farm
17:26 Farm
19:01 Scout Tower
19:01 Scout Tower
19:01 Scout Tower
19:02 Scout Tower
21:49 Guard Tower
21:50 Guard Tower
21:50 Guard Tower
34:05 Arcane Vault
35:01 Town Hall
35:50 Scout Tower
35:50 Scout Tower
35:51 Scout Tower
35:52 Scout Tower
35:53 Scout Tower
36:44 Town Hall
» items
| Scroll of Regeneration | 8 | |
| Scroll of Town Portal | 7 | |
| Staff of Sanctuary | 2 | |
| Scroll of Healing | 2 | |
19 total
PrAxEuM (
pink | 62 APM | 2551 actions | 41:25)
7 Paladin
3 Holy Light
1 Divine Shield
2 Devotion Aura
1 Resurrection
» actions
| Basic commands | 8 | |
| Build / train | 112 | |
| ESC pressed | 4 | |
| Enter build submenu | 54 | |
| Enter hero's abilities submenu | 7 | |
| Give item / drop item | 2 | |
| Remove unit from queue | 7 | |
| Right click | 1535 | |
| Select / deselect | 697 | |
| Use ability | 125 | |
2551 total
» units
| Peasant | 32 | |
| Rifleman | 19 | |
| Priest | 6 | |
| Sorceress | 7 | |
| Spell Breaker | 1 | |
| Assassin | 2 | |
| Murloc Huntsman | 2 | |
| Kobold | 2 | |
| Kobold Geomancer | 2 | |
73 total
» upgrades
| Gunpowder | 2 | |
| Armor | 2 | |
| Masonry | 3 | |
| Lumber Harvesting | 2 | |
| Sorceress Training | 2 | |
| Priest Training | 3 | |
14 total
» buildings
| Blacksmith | 2 | |
| Farm | 11 | |
| Barracks | 5 | |
| Altar of Kings | 1 | |
| Lumber Mill | 1 | |
| Scout Tower | 8 | |
| Guard Tower | 4 | |
| Town Hall | 4 | |
| Arcane Vault | 1 | |
| Keep | 1 | |
| Castle | 1 | |
| Arcane Sanctum | 3 | |
42 total
» build order
00:11 Blacksmith
00:14 Blacksmith
00:24 Farm
00:40 Barracks
01:01 Farm
01:42 Altar of Kings
01:59 Lumber Mill
02:20 Scout Tower
02:50 Farm
02:56 Scout Tower
03:08 Scout Tower
03:24 Guard Tower
03:29 Guard Tower
04:37 Town Hall
04:51 Arcane Vault
05:14 Guard Tower
05:31 Farm
06:25 Keep
06:41 Farm
06:49 Barracks
07:00 Scout Tower
07:01 Scout Tower
07:03 Scout Tower
07:36 Scout Tower
07:37 Scout Tower
08:17 Guard Tower
10:43 Castle
11:15 Arcane Sanctum
11:16 Arcane Sanctum
12:08 Arcane Sanctum
18:09 Farm
18:09 Farm
18:15 Farm
18:57 Town Hall
19:56 Farm
19:56 Farm
19:57 Farm
20:13 Town Hall
22:13 Town Hall
29:51 Barracks
29:52 Barracks
29:54 Barracks
» items
| Scroll of Regeneration | 2 | |
| Scroll of Town Portal | 1 | |
| Orb of Fire | 1 | |
4 total
lllove (
purple | 54 APM | 2252 actions | 41:25)
8 Blood Mage
3 Flame Strike
2 Siphon Mana
1 Summon Phoenix
2 Banish
» actions
| Assign group hotkey | 63 | |
| Basic commands | 40 | |
| Build / train | 99 | |
| Enter build submenu | 54 | |
| Enter hero's abilities submenu | 9 | |
| Give item / drop item | 4 | |
| Right click | 1131 | |
| Select / deselect | 413 | |
| Select group hotkey | 236 | |
| Use ability | 203 | |
2252 total
» units
| Peasant | 12 | |
| Footman | 7 | |
| Goblin Shredder | 2 | |
| Sorceress | 3 | |
| Goblin Sapper | 9 | |
33 total
» upgrades
| Sorceress Training | 1 | |
| Magic Sentry | 1 | |
| Masonry | 3 | |
5 total
» buildings
| Altar of Kings | 1 | |
| Barracks | 1 | |
| Farm | 5 | |
| Arcane Vault | 1 | |
| Keep | 1 | |
| Lumber Mill | 1 | |
| Town Hall | 4 | |
| Scout Tower | 37 | |
| Arcane Sanctum | 1 | |
| Guard Tower | 13 | |
| Castle | 1 | |
66 total
» build order
00:35 Altar of Kings
00:37 Barracks
00:49 Farm
00:50 Farm
01:04 Farm
01:35 Farm
02:38 Arcane Vault
03:28 Keep
04:16 Lumber Mill
04:51 Town Hall
05:32 Scout Tower
05:34 Scout Tower
05:35 Scout Tower
05:37 Scout Tower
06:11 Arcane Sanctum
06:18 Guard Tower
06:20 Guard Tower
06:24 Guard Tower
06:26 Guard Tower
06:38 Farm
07:29 Scout Tower
07:30 Scout Tower
07:31 Scout Tower
07:32 Scout Tower
07:45 Scout Tower
07:45 Scout Tower
07:46 Scout Tower
07:46 Scout Tower
07:47 Scout Tower
08:01 Guard Tower
08:19 Guard Tower
12:03 Castle
13:01 Scout Tower
13:02 Scout Tower
13:08 Scout Tower
13:08 Scout Tower
13:14 Scout Tower
13:14 Scout Tower
13:14 Scout Tower
13:14 Scout Tower
14:23 Guard Tower
14:53 Guard Tower
14:54 Guard Tower
14:59 Guard Tower
26:19 Scout Tower
26:19 Scout Tower
26:21 Scout Tower
26:21 Scout Tower
26:22 Scout Tower
26:53 Guard Tower
26:55 Guard Tower
26:59 Town Hall
27:11 Town Hall
38:55 Town Hall
39:03 Scout Tower
39:03 Scout Tower
39:04 Scout Tower
39:04 Scout Tower
39:04 Scout Tower
39:05 Scout Tower
39:05 Scout Tower
40:28 Guard Tower
40:32 Scout Tower
40:33 Scout Tower
40:34 Scout Tower
» items
| Scroll of Regeneration | 6 | |
| Lesser Clarity Potion | 4 | |
| Boots of Speed | 1 | |
| Staff of Teleportation | 1 | |
| Potion of Invisibility | 6 | |
| Potion of Lesser Invulnerability | 4 | |
| Scroll of Town Portal | 3 | |
| Periapt of Vitality | 1 | |
| Potion of Healing | 5 | |
| Potion of Mana | 4 | |
| Scroll of Healing | 1 | |
36 total

»
DRW (
teal | 68 APM | 2821 actions | 41:25)
7 Dreadlord
3 Sleep
3 Vampiric Aura
1 Inferno
8 Death Knight
3 Death Coil
3 Unholy Aura
1 Death Pact
1 Animate Dead
» actions
| Assign group hotkey | 60 | |
| Build / train | 97 | |
| Enter build submenu | 26 | |
| Enter hero's abilities submenu | 15 | |
| Give item / drop item | 5 | |
| Right click | 1108 | |
| Select / deselect | 446 | |
| Select group hotkey | 911 | |
| Use ability | 153 | |
2821 total
» units
| Acolyte | 7 | |
| Ghoul | 5 | |
| Crypt Fiend | 6 | |
| Gargoyle | 18 | |
| Obsidian Statue | 3 | |
39 total
» upgrades
| Creature Attack | 3 | |
| Creature Carapace | 3 | |
| Stone Form | 1 | |
| Web | 1 | |
8 total
» buildings
| Ziggurat | 10 | |
| Crypt | 3 | |
| Altar of Darkness | 1 | |
| Graveyard | 1 | |
| Tomb of Relics | 1 | |
| Halls of the Dead | 1 | |
| Nerubian Tower | 4 | |
| Slaughterhouse | 2 | |
| Black Citadel | 1 | |
| Spirit Tower | 1 | |
25 total
» build order
00:35 Ziggurat
00:39 Crypt
00:44 Altar of Darkness
01:01 Graveyard
01:24 Ziggurat
01:31 Tomb of Relics
03:30 Halls of the Dead
04:22 Ziggurat
04:25 Crypt
05:12 Ziggurat
06:48 Ziggurat
07:05 Ziggurat
07:54 Nerubian Tower
08:04 Nerubian Tower
08:20 Ziggurat
08:32 Slaughterhouse
10:35 Slaughterhouse
10:38 Crypt
12:52 Black Citadel
15:26 Nerubian Tower
15:27 Nerubian Tower
15:40 Ziggurat
18:27 Ziggurat
18:30 Spirit Tower
38:27 Ziggurat
» items
| Rod of Necromancy | 2 | |
| Sacrificial Skull | 1 | |
| Potion of Healing | 4 | |
| Scroll of Town Portal | 8 | |
| Boots of Speed | 2 | |
| Potion of Lesser Invulnerability | 4 | |
| Orb of Fire | 2 | |
| Potion of Invisibility | 1 | |
| Staff of Teleportation | 1 | |
25 total
team 2 (loser)

»
thorin_10 (
blue | 58 APM | 2364 actions | 40:31)
7 Lich
3 Frost Nova
3 Dark Ritual
1 Death and Decay
5 Death Knight
3 Death Coil
2 Unholy Aura
» actions
| Basic commands | 61 | |
| Build / train | 105 | |
| Enter build submenu | 29 | |
| Enter hero's abilities submenu | 13 | |
| Give item / drop item | 2 | |
| Remove unit from queue | 12 | |
| Right click | 1236 | |
| Select / deselect | 771 | |
| Use ability | 134 | |
2364 total
» units
| Acolyte | 39 | |
| Ghoul | 3 | |
| Crypt Fiend | 18 | |
| Frost Wyrm | 3 | |
63 total
» upgrades
| Creature Attack | 2 | |
| Creature Carapace | 2 | |
| Web | 1 | |
5 total
» buildings
| Crypt | 2 | |
| Altar of Darkness | 1 | |
| Graveyard | 1 | |
| Ziggurat | 10 | |
| Tomb of Relics | 1 | |
| Nerubian Tower | 1 | |
| Halls of the Dead | 2 | |
| Black Citadel | 1 | |
| Spirit Tower | 4 | |
| Sacrificial Pit | 1 | |
| Boneyard | 1 | |
25 total
» build order
00:42 Crypt
00:48 Altar of Darkness
00:56 Graveyard
00:59 Ziggurat
01:42 Tomb of Relics
01:45 Ziggurat
01:58 Nerubian Tower
03:53 Ziggurat
04:55 Halls of the Dead
04:55 Halls of the Dead
07:16 Ziggurat
09:38 Black Citadel
19:36 Ziggurat
19:39 Ziggurat
19:44 Ziggurat
19:51 Black Citadel
21:28 Spirit Tower
23:37 Black Citadel
24:43 Crypt
25:30 Spirit Tower
28:50 Sacrificial Pit
29:58 Ziggurat
30:27 Ziggurat
30:36 Ziggurat
31:28 Boneyard
32:01 Spirit Tower
32:13 Spirit Tower
» items
| Rod of Necromancy | 1 | |
| Dust of Appearance | 1 | |
| Staff of Teleportation | 1 | |
| Scroll of Town Portal | 2 | |
5 total

»
yo.man. (
orange | 70 APM | 2814 actions | 40:27)
9 Blood Mage
3 Flame Strike
3 Siphon Mana
2 Banish
1 Summon Phoenix
6 Mountain King
3 Storm Bolt
2 Bash
1 Avatar
» actions
| Assign group hotkey | 109 | |
| Basic commands | 47 | |
| Build / train | 129 | |
| ESC pressed | 1 | |
| Enter build submenu | 37 | |
| Enter hero's abilities submenu | 16 | |
| Give item / drop item | 1 | |
| Remove unit from queue | 4 | |
| Right click | 1237 | |
| Select / deselect | 570 | |
| Select group hotkey | 506 | |
| Use ability | 156 | |
2814 total
» units
| Peasant | 33 | |
| Goblin Shredder | 3 | |
| Gryphon Rider | 11 | |
| Dragonhawk Rider | 7 | |
| Siege Engine | 5 | |
59 total
» upgrades
| Masonry | 3 | |
| Storm Hammers | 1 | |
| Swords | 2 | |
| Cloud | 1 | |
| Armor | 2 | |
| Barrage | 1 | |
| Gunpowder | 1 | |
| Plating | 1 | |
12 total
» buildings
| Altar of Kings | 1 | |
| Lumber Mill | 1 | |
| Farm | 10 | |
| Scout Tower | 13 | |
| Guard Tower | 5 | |
| Arcane Vault | 2 | |
| Keep | 1 | |
| Town Hall | 3 | |
| Castle | 3 | |
| Blacksmith | 1 | |
| Gryphon Aviary | 3 | |
| Arcane Tower | 2 | |
| Workshop | 3 | |
48 total
» build order
00:05 Altar of Kings
00:13 Lumber Mill
00:21 Farm
01:05 Scout Tower
01:12 Scout Tower
01:17 Scout Tower
01:27 Farm
01:54 Guard Tower
02:09 Guard Tower
02:15 Farm
02:18 Arcane Vault
02:59 Scout Tower
03:02 Scout Tower
03:34 Guard Tower
04:16 Keep
04:44 Town Hall
04:47 Scout Tower
04:50 Scout Tower
04:53 Scout Tower
04:56 Scout Tower
05:57 Guard Tower
06:06 Guard Tower
06:39 Castle
06:39 Castle
07:06 Farm
07:10 Farm
07:17 Arcane Vault
07:28 Blacksmith
07:51 Gryphon Aviary
08:09 Gryphon Aviary
08:14 Gryphon Aviary
08:20 Farm
08:24 Farm
10:15 Farm
10:19 Farm
11:18 Farm
14:34 Scout Tower
14:47 Scout Tower
14:48 Scout Tower
15:23 Arcane Tower
15:26 Arcane Tower
16:27 Workshop
16:31 Workshop
16:41 Workshop
28:00 Town Hall
35:05 Scout Tower
37:18 Town Hall
» items
| Scroll of Regeneration | 9 | |
| Orb of Fire | 3 | |
| Scroll of Town Portal | 7 | |
19 total

»
cmurdaa (
yellow | 67 APM | 1787 actions | 26:41)
5 Warden
2 Shadow Strike
1 Fan of Knives
2 Blink
1 Keeper of the Grove
1 Entangling Roots
» actions
| Assign group hotkey | 24 | |
| Build / train | 89 | |
| Enter build submenu | 18 | |
| Enter hero's abilities submenu | 8 | |
| Give item / drop item | 2 | |
| Remove unit from queue | 1 | |
| Right click | 548 | |
| Select / deselect | 377 | |
| Select group hotkey | 656 | |
| Use ability | 64 | |
1787 total
» units
| Wisp | 20 | |
| Archer | 15 | |
| Huntress | 7 | |
| Druid of the Talon | 7 | |
| Druid of the Claw | 4 | |
| Dryad | 5 | |
58 total
» upgrades
| Strength of the Moon | 3 | |
| Improved Bows | 1 | |
| Druid of the Claw Training | 2 | |
| Druid of the Talon Training | 2 | |
| Abolish Magic | 1 | |
| Marksmanship | 1 | |
| Mark of the Claw | 1 | |
| Strength of the Wild | 1 | |
12 total
» buildings
| Moon Well | 7 | |
| Ancient of War | 2 | |
| Altar of Elders | 1 | |
| Hunter's Hall | 1 | |
| Tree of Ages | 1 | |
| Tree of Life | 3 | |
| Ancient of Lore | 1 | |
| Ancient of Wind | 1 | |
| Ancient of Wonders | 1 | |
| Tree of Eternity | 1 | |
19 total
» build order
00:18 Moon Well
01:13 Ancient of War
01:16 Altar of Elders
01:23 Moon Well
01:52 Ancient of War
03:05 Hunter's Hall
03:55 Moon Well
04:38 Tree of Ages
04:44 Moon Well
07:10 Tree of Life
08:00 Ancient of Lore
08:11 Ancient of Wind
11:00 Ancient of Wonders
11:22 Tree of Eternity
12:14 Moon Well
12:15 Moon Well
12:16 Moon Well
12:40 Tree of Life
19:57 Tree of Life
» items
| Scroll of Town Portal | 3 | |
| Potion of Lesser Invulnerability | 1 | |
| Orb of Venom | 4 | |
8 total
freedomainradio (
red | 82 APM | 3415 actions | 41:24)
7 Archmage
2 Summon Water Elemental
3 Brilliance Aura
1 Blizzard
1 Mass Teleport
5 Mountain King
2 Storm Bolt
3 Bash
4 Paladin
2 Holy Light
2 Divine Shield
» actions
| Assign group hotkey | 72 | |
| Basic commands | 51 | |
| Build / train | 158 | |
| ESC pressed | 4 | |
| Enter build submenu | 37 | |
| Enter hero's abilities submenu | 17 | |
| Give item / drop item | 10 | |
| Right click | 994 | |
| Select / deselect | 1020 | |
| Select group hotkey | 743 | |
| Use ability | 309 | |
3415 total
» units
| Peasant | 24 | |
| Footman | 8 | |
| Spell Breaker | 12 | |
| Gryphon Rider | 13 | |
| Priest | 3 | |
| Siege Engine | 2 | |
| Knight | 2 | |
64 total
» upgrades
| Defend | 1 | |
| Swords | 3 | |
| Plating | 1 | |
| Armor | 3 | |
| Lumber Harvesting | 2 | |
| Magic Sentry | 1 | |
| Storm Hammers | 1 | |
| Control Magic | 1 | |
| Animal War Training | 1 | |
| Masonry | 3 | |
| Gunpowder | 3 | |
| Priest Training | 2 | |
| Barrage | 1 | |
| Sorceress Training | 1 | |
24 total
» buildings
| Barracks | 1 | |
| Farm | 14 | |
| Altar of Kings | 1 | |
| Town Hall | 1 | |
| Scout Tower | 11 | |
| Blacksmith | 1 | |
| Arcane Vault | 1 | |
| Arcane Tower | 2 | |
| Keep | 2 | |
| Lumber Mill | 1 | |
| Guard Tower | 7 | |
| Castle | 2 | |
| Gryphon Aviary | 4 | |
| Arcane Sanctum | 2 | |
| Workshop | 2 | |
52 total
» build order
00:22 Barracks
00:38 Farm
01:16 Farm
01:37 Altar of Kings
02:13 Farm
02:55 Farm
02:58 Farm
03:02 Farm
04:52 Town Hall
04:58 Scout Tower
05:27 Blacksmith
05:31 Farm
05:45 Arcane Vault
06:42 Arcane Tower
06:43 Scout Tower
06:47 Keep
06:54 Scout Tower
06:55 Scout Tower
06:56 Scout Tower
06:59 Scout Tower
07:31 Lumber Mill
07:55 Arcane Tower
07:59 Guard Tower
08:00 Guard Tower
08:00 Guard Tower
08:09 Guard Tower
08:31 Scout Tower
08:32 Scout Tower
09:10 Castle
09:10 Castle
09:12 Gryphon Aviary
09:12 Gryphon Aviary
09:13 Gryphon Aviary
09:15 Gryphon Aviary
09:17 Arcane Sanctum
09:35 Arcane Sanctum
10:19 Guard Tower
12:12 Farm
12:13 Farm
12:25 Farm
12:47 Farm
12:49 Farm
14:42 Guard Tower
17:21 Workshop
17:48 Workshop
25:43 Farm
25:45 Scout Tower
25:45 Scout Tower
25:46 Scout Tower
» items
| Scroll of Regeneration | 3 | |
| Mechanical Critter | 2 | |
| Lesser Clarity Potion | 4 | |
| Boots of Speed | 1 | |
| Potion of Healing | 5 | |
| Scroll of Town Portal | 5 | |
| Scroll of Protection | 2 | |
| Staff of Sanctuary | 1 | |
| Orb of Fire | 1 | |
24 total
Chat log
(06:18 / Allies) PrAxEuM: 100 wood
(06:18 / Allies) PrAxEuM: please
(08:06 / Allies) TimeWindow: don;t come to my home
(08:20 / Allies) PrAxEuM: wood please
(10:49 / Allies) PrAxEuM: need wood
(10:51 / Allies) PrAxEuM: and aa
(10:54 / Allies) PrAxEuM: who got aa
(10:58 / Allies) TimeWindow: me
(13:59 / Allies) TimeWindow: i need lumber
(19:26 / All) thorin_10: lol purp
(20:42 / Allies) PrAxEuM: fuck it
(22:00 / Allies) PrAxEuM: god
(22:01 / Allies) TimeWindow: to orange
(23:35 / Allies) lllove: B
(24:23 / All) lllove: WOW FUCKING CREEPS
(24:28 / All) thorin_10: lol
(24:30 / All) thorin_10: that was funny
(27:03 / Allies) PrAxEuM: fight
(27:04 / Allies) PrAxEuM: fighty
(29:56 / Allies) lllove: I'll banish red am
(29:59 / Allies) lllove: then you guys nuke it
(30:23 / Allies) PrAxEuM: just fucking hit
(30:28 / Allies) PrAxEuM: we havent fucking done shit
(30:31 / Allies) PrAxEuM: all they done is hit
(31:43 / Allies) lllove: bolt red am
(32:26 / Allies) lllove: control real fast
(32:36 / Allies) lllove: danke
(33:58 / All) freedomainradio: lol
(34:04 / All) freedomainradio: so i guess my team wants to suicide their heroes now
(34:40 / Allies) PrAxEuM: he got wyrms
(36:08 / Allies) lllove: tp out
(37:02 / Allies) PrAxEuM: i cant do anything
(37:03 / Allies) PrAxEuM: lol
(38:58 / Allies) PrAxEuM: send
(39:00 / Allies) PrAxEuM: peasnt
(39:01 / Allies) PrAxEuM: purple
(39:03 / Allies) PrAxEuM: and give control
(39:07 / Allies) PrAxEuM: i mean teal
(39:13 / Allies) PrAxEuM: please
(40:19 / Allies) lllove: gold
(41:24 / All) freedomainradio: lol top score